 Dungeon Crawl Stone Soup version 0.26.0-16-gc1dbca0489 (webtiles) character file.

Game seed: 14599492994218014161

21 kaeus the Firebug (level 2, -8/17 HPs)
             Began as an Octopode Fire Elementalist on Jan 22, 2021.
             Engulfed by a cloud of steam (10 damage)
             ... on level 1 of the Dungeon.
             The game lasted 00:00:52 (578 turns).

kaeus the Firebug (Octopode Fire Elementalist)       Turns: 578, Time: 00:00:53

Health: -8/17      AC:  1    Str:  7    XL:     2   Next: 83%
Magic:  3/5        EV: 13    Int: 17    God:
Gold:   0          SH:  0    Dex: 12    Spells: 4/5 levels left

rFire    . . .     SeeInvis .   b - +0 short sword
rCold    . . .     Faith    .   (no shield)
rNeg     . . .     Spirit   .   (helmet restricted)
rPois    .         Reflect  .   (no amulet)
rElec    .         Harm     .   (no ring)
rCorr    .         Rampage  .   (no ring)
Will     .....                  (no ring)
Stlth    ++++......             (no ring)
HPRegen  0.05/turn              (no ring)
MPRegen  0.09/turn              (no ring)
                                (no ring)
                                (no ring)

@: no status effects
A: almost no armour, stealthy swim, amphibious, 8 rings, constrict 8, camouflage
1, gelatinous body 1
a: no special abilities


You were on level 1 of the Dungeon.
You visited 1 branch of the dungeon, and saw 1 of its levels.

Inventory:

Hand Weapons
 b - a +0 short sword (weapon)
Jewellery
 d - an uncursed ring of protection from cold {unknown}
Scrolls
 a - a scroll of remove curse {unknown}
 c - a scroll of teleportation {unknown}


   Skills:
 + Level 2.2 Dodging
 + Level 3.1 Stealth
 + Level 2.1 Spellcasting
 * Level 1.5 Conjurations
 * Level 3.2 Fire Magic


You had 4 spell levels left.
You knew the following spells:

 Your Spells              Type           Power        Failure   Level
a - Foxfire               Conj/Fire      40%          7%          1

Your spell library contained the following spells:

 Spells                   Type           Power        Failure   Level
 Conjure Flame            Conj/Fire      10%          22%         3
 Inner Flame              Hex/Fire       7%           28%         3
 Sticky Flame             Conj/Fire      10%          56%         4
 Fireball                 Conj/Fire      5%           89%         5


Dungeon Overview and Level Annotations

Branches:
Dungeon (1/15)

Altars:


Innate Abilities, Weirdness & Mutations

You cannot wear most types of armour.
You are very stealthy in the water. (Stealth+)
You are amphibious.
You can wear up to eight rings at the same time.
You can use your tentacles to constrict eight enemies at once.
Your skin changes colour to match your surroundings (Stealth+).
Your rubbery body absorbs attacks. (AC +1, EV +1)


Message History

You conjure some foxfire!
The frilled lizard hisses angrily.
You now have 2/5 mp.
Your foxfire dissipates!
The foxfire hits the frilled lizard.
The frilled lizard is heavily wounded.
Your foxfire dissipates!
Really swim into a travel-excluded area?
Your magical contamination has completely faded away.
Really swim into a travel-excluded area?
Really swim into that cloud of steam?
You are engulfed in a cloud of scalding steam.
You take 4 damage, and have 13/17 hp.
MASSIVE DAMAGE!!
You are engulfed in a cloud of scalding steam.
Ouch! That really hurt!
* * * LOW HITPOINT WARNING * * *
You take 11 damage, and have 2/17 hp.
MASSIVE DAMAGE!!
You are engulfed in a cloud of scalding steam.
Ouch! That really hurt!
You die...

..÷............##...........# #..
###............##...........# #..
..#.........#########.......###..
..#.........# ### #.......#....
........##### #≈≈# #.......#....
....#####...# #≈≈# #≈.....).....
....'...+...###§# ###≈≈......§...
....#####...#≈≈§###≈≈≈≈..l.......
....'.......#≈§§@##≈#≈≈.#####.(..
....#.......##≈§#≈≈##≈.....##....
###.#.......##≈######......##....
....+.......#### #......##....
)...#.......#########............
.........#####.#.#...............
.................'...............
..#.....#####...##...............
..#.....#.......##............


There were no monsters in sight!

Vanquished Creatures
  2 oozes (D:1)
  A dart slug (D:1)
  4 bats (D:1)
  A giant cockroach (D:1)
  A kobold (D:1)
  A goblin (D:1)
  A rat (D:1)
11 creatures vanquished.

Vanquished Creatures (others)
  42 foxfires (D:1)
42 creatures vanquished.

Grand Total: 53 creatures vanquished

Notes
Turn   | Place    | Note
-------+----------+-------------------------------------------
     0 | D:1      | kaeus the Octopode Fire Elementalist began the quest for
                  | the Orb.
     0 | D:1      | Reached XP level 1. HP: 11/11 MP: 3/3
   126 | D:1      | Reached XP level 2. HP: 16/17 MP: 5/5
   578 | D:1      | Engulfed by a cloud of steam

Illustrated notes

Levels and vault maps discovered:
D:1:      dpeg_arrival_rhombus, layout_basic, lemuel_another_geyser

Skill      XL: |  1  2 |
---------------+-------+-----
Stealth        | 3 |  3.1
Dodging        | |  2.2
Spellcasting   | |  2.1
Conjurations   | |  1.5
Fire Magic     | |  3.2

Action                   || total
-------------------------++-------
Melee: Unarmed           ||     4
       Short sword       ||     4
       Constrict         ||     4
       Tentacles         ||     2
 Cast: Foxfire           ||    23
Armor: Skin              ||     2
Dodge: Dodged            ||     5
